 Dungeon Crawl Stone Soup version 0.22-a0-303-g4a852b3 (webtiles) character file.

934 ololoev the Conjurer (level 8, -1/57 HPs)
             Began as a Ghoul Fire Elementalist on Mar 27, 2018.
             Slain by an orc
             ... wielding a +0 flail
              (4 damage)
             ... on level 5 of the Dungeon.
             The game lasted 00:16:30 (3814 turns).

ololoev the Conjurer (Ghoul Fire Elementalist)      Turns: 3814, Time: 00:16:30

Health: -1/57      AC:  4    Str: 12    XL:     8   Next: 11%
Magic:  7/13       EV: 12    Int: 12    God:
Gold:   62         SH:  0    Dex:  9    Spells: 7/15 levels left

rFire    + . .     SeeInvis .   a - +0 short sword
rCold    + . .     Gourm    .   (no shield)
rNeg     + + +     Faith    .   o - +2 robe {MR+}
rPois    ∞         Spirit   .   (no helmet)
rElec    .         Reflect  .   (no cloak)
rCorr    .         Harm     .   (no gloves)
MR       +....                  (no boots)
Stlth    ++........             (no amulet)
HPRegen  0.00/turn              s - ring of protection from fire
MPRegen  0.13/turn              (no ring)

@: rotting
A: rotting body, claws 1, carnivore, cold resistance 1, negative energy
resistance 3, inhibited regeneration, torment resistance, unbreathing
a: no special abilities


Innate Abilities, Weirdness & Mutations

Your body is rotting away.
You thrive on raw meat.
You are immune to poison.
You have sharp fingernails.
You are carnivorous and can eat meat at any time.
Your flesh is cold resistant. (rC+)
You are immune to negative energy. (rN+++)
You do not regenerate when monsters are visible.
You are immune to unholy pain and torment.
You can survive without breathing.

Inventory:

Hand Weapons
 a - a +0 short sword (weapon)
 b - the +1 falchion "Xixkui" {freeze, SInv}
   (You found it on level 4 of the Dungeon)

   It has been specially enchanted to freeze those struck by it, causing extra
   injury to most foes and up to half again as much damage against particularly
   susceptible opponents.
   It can also slow down cold-blooded creatures.
   It lets you see invisible.
Armour
 o - a +2 robe of magic resistance (worn)
Jewellery
 s - a ring of protection from fire (left claw)
Scrolls
 d - 3 scrolls of fear {unknown}
 e - 2 scrolls of teleportation {unknown}
 h - 2 scrolls of enchant weapon {unknown}
 i - a scroll of blinking {unknown}
 k - 4 scrolls of remove curse
 n - 3 scrolls of magic mapping
 r - 2 scrolls of fog {unknown}
Potions
 f - 5 potions of magic
 g - a potion of flight {unknown}
 l - 3 potions of curing {unknown}
 m - 2 potions of heal wounds
 p - a potion of cancellation {unknown}
 q - a potion of agility
 u - 2 potions of lignification {unknown}
Comestibles
 c - 12 rations


   Skills:
 - Level 1.7 Dodging
 - Level 2.1 Stealth
 + Level 4.1 Spellcasting
 * Level 5.3 Conjurations
 + Level 4.4 Fire Magic


You had 7 spell levels left.
You knew the following spells:

 Your Spells              Type           Power        Failure   Level  Hunger
a - Flame Tongue          Conj/Fire      ##...        3%          1    #......
b - Conjure Flame         Conj/Fire      ##......     9%          3    ###....
c - Sticky Flame          Conj/Fire      ##......     28%         4    #####..


You were on level 5 of the Dungeon.
You were not hungry.

You visited 1 branch of the dungeon, and saw 5 of its levels.

You collected 242 gold pieces.
You spent 180 gold pieces at shops.

##.....#..# ##...## #
###..)##...# ##..####
#....####..##
##...##. ....#...#
##..####....... ..#
##..# #..##.........
#..## ##.............
##..###.........###..
#.)o#...###.....###.
#.o@)÷.####.....####
#.#####..##..##...###
... ##.#..####...##
..... #...## ##....
..... ##..# #....
.... #....# ##..#
....#.)# #..#
......#..# ##.##
#....... ##..#..##

Notes
Turn   | Place    | Note
-------+----------+-------------------------------------------
     0 | D:1      | ololoev the Ghoul Fire Elementalist began the quest for the Orb.
     0 | D:1      | Reached XP level 1. HP: 14/14 MP: 2/2
    85 | D:1      | Reached skill level 1 in Conjurations
   170 | D:1      | Reached XP level 2. HP: 15/20 MP: 3/3
   643 | D:1      | DEFE: ассасин не зашел?
   646 | D:1      | ololoev: zatabalsya
   646 | D:1      | ololoev: shmot bil slishkom horosh
   646 | D:1      | ololoev: poshel v crypt
   646 | D:1      | ololoev: slovil 2 dispela podryad na 70 kajdiy
   752 | D:2      | Reached XP level 3. HP: 26/26 MP: 2/5
   757 | D:2      | Learned a level 3 spell: Conjure Flame
   825 | D:2      | DEFE: У ревенантов самый сильный диспел в игре
   825 | D:2      | ololoev: так
   825 | D:2      | DEFE: не считая рандомпанлордов
   825 | D:2      | ololoev: палка дезинтеграции
   825 | D:2      | ololoev: амулет регена
   825 | D:2      | DEFE: автовин
   825 | D:2      | ololoev: у меня есть все шансы дожить до файербола
   825 | D:2      | ololoev: а нет
   825 | D:2      | ololoev: амулет регена был там где я об гончую ублся
   887 | D:2      | Reached skill level 2 in Conjurations
   905 | D:2      | Found a stormy altar of Qazlal.
  1164 | D:2      | Found an ornate altar of the Wu Jian Council.
  1263 | D:2      | Reached XP level 4. HP: 29/33 MP: 1/6
  1298 | D:2      | Found an iron altar of Okawaru.
  1380 | D:2      | Noticed Sigmund
  1382 | D:2      | Killed Sigmund
  1382 | D:2      | Reached skill level 3 in Conjurations
  1382 | D:2      | Reached XP level 5. HP: 38/38 MP: 6/8
  1678 | D:3      | Found a faded altar of an unknown god.
  1682 | D:3      | Reached XP level 6. HP: 42/45 MP: 5/9
  1689 | D:3      | Learned a level 4 spell: Sticky Flame
  1833 | D:3      | ololoev: мне интересно
  1833 | D:3      | ololoev: если я играя с иредом включу зеркало
  1833 | D:3      | ololoev: и рыцарь смерти включет зеркало
  1833 | D:3      | ololoev: и кто-нибудь кого-нибудь ударит
  1833 | D:3      | ololoev: мы сольемся в континууме?
  2178 | D:3      | Found a bloodstained altar of Trog.
  2310 | D:4      | Found Fedosmocw's Distillery.
  2320 | D:4      | Got an ivory falchion
  2321 | D:4      | Identified the +1 falchion "Xixkui" {freeze, SInv} (You found it on level 4 of the Dungeon)
  2328 | D:4      | Bought a potion of heal wounds for 50 gold pieces
  2328 | D:4      | Bought a potion of magic for 80 gold pieces
  2328 | D:4      | Bought a potion of agility for 40 gold pieces
  2328 | D:4      | Bought a potion of degeneration for 10 gold pieces
  2559 | D:4      | Reached skill level 4 in Conjurations
  2574 | D:4      | Reached XP level 7. HP: 42/50 MP: 2/11
  2799 | D:4      | Found a snail-covered altar of Cheibriados.
  2799 | D:4      | Found a glowing silver altar of Zin.
  2901 | D:4      | Found a glowing golden altar of the Shining One.
  2918 | D:5      | Entered Level 5 of the Dungeon
  3168 | D:5      | DEFE: картинка с парроу отраженнным 6 раз.пнг
  3330 | D:5      | Noticed Blork the orc
  3343 | D:5      | Killed Blork the orc
  3343 | D:5      | Reached skill level 5 in Conjurations
  3346 | D:5      | Found a deep blue altar of Sif Muna.
  3658 | D:5      | Reached XP level 8. HP: 39/56 MP: 4/13
  3814 | D:5      | Slain by an orc

Dungeon Overview and Level Annotations

Branches:
Dungeon (5/15)
 Temple: D:4-7

Altars:
Cheibriados
Okawaru
Qazlal
Sif Muna
Trog
Wu Jian
Zin
The Shining One

Shops:
D:4 !


Message History

An orc is nearby!
An orc is nearby!
An orc is nearby!
An orc is nearby!
You now have 62 gold pieces (gained 13).
You see here an adder skeleton.
The orc shouts!
You hit the orc.
The orc is severely wounded.
You hear a shout! x2
The orc closely misses you.
An orc priest comes into view. It is wielding a hand axe.
You hit the orc.
You kill the orc!
An orc comes into view. It is wielding a flail.
Things that are here:
a flail; a ring mail; an orc corpse The orc priest hits you with a hand axe.
An orc priest comes into view. It is wielding a falchion.
You hit the orc priest but do no damage.
The orc priest looks satisfied for a moment.
You closely miss the orc priest.
The orc priest looks braver for a moment.
The orc priest misses you. The orc hits you with a flail.
You hit the orc priest.
The orc priest is moderately wounded.
The orc priest looks satisfied for a moment.
You hit the orc priest.
The orc priest is moderately wounded.
The orc priest hits you but does no damage.
The orc hits you with a flail!
You hit the orc priest.
The orc priest is severely wounded.
The orc priest closely misses you.
The orc priest hits you but does no damage.
The orc misses you.
You hit the orc priest.
The orc priest is severely wounded.
The orc priest closely misses you.
The orc priest invokes the aid of Beogh against you.
Beogh smites you! The orc closely misses you.
You hit the orc priest.
The orc priest is almost dead.
The orc priest hits you with a falchion.
The orc priest begins to cast a cantrip, but forgets the words!
The orc completely misses you.
You are too injured to fight recklessly!
You are too injured to fight recklessly!
Casting: Flame Tongue (safe; 3% risk of failure)
Confirm with . or Enter, or press ? or * to list all spells.
Aiming: Sticky Flame (quite dangerous; 30% risk of failure)
Press: ? - help, Shift-Dir - straight line, f - orc priest
Aim: an orc priest, wielding a falchion and wearing a leather armour The sticky flame hits the orc priest.
The orc priest is moderately wounded.
The orc priest is covered in liquid flames!
The orc priest burns!
The orc priest hits you with a falchion.
The orc priest hits you with a hand axe.
Casting: Sticky Flame (quite dangerous; 30% risk of failure)
Confirm with . or Enter, or press ? or * to list all spells.
Aiming: Flame Tongue (safe; 3% risk of failure)
Press: ? - help, Shift-Dir - straight line, f - orc priest, p - orc priest
Aim: an orc priest, wielding a hand axe and wearing a leather armour (almost dead)
The flame tongue hits the orc priest.
The orc priest appears unharmed.
The orc priest is almost dead.
The orc priest burns!
The orc barely misses you.
The orc priest invokes the aid of Beogh against you.
Beogh smites you!
The orc priest mumbles some strange prayers to Beogh against you.
Beogh smites you!
Casting: Flame Tongue (safe; 3% risk of failure)
Confirm with . or Enter, or press ? or * to list all spells.
Aiming: Flame Tongue (safe; 3% risk of failure)
Press: ? - help, Shift-Dir - straight line, f/p - orc priest
Aim: an orc priest, wielding a hand axe and wearing a leather armour (almost dead)
The flame tongue misses the orc priest.
The orc priest burns!
You kill the orc priest!
The orc hits you with a flail.
You die...

You could see an orc priest and an orc.

Vanquished Creatures
  Sigmund (D:2)
  A water moccasin (D:5)
  An ogre (D:4)
  Blork the orc (D:5)
  A gnoll sergeant (D:5)
  A jelly (D:5)
  4 orc priests
  2 orc wizards
  A centaur skeleton (D:4)
  2 worker ants (D:4)
  A hound skeleton (D:4)
  3 gnolls (D:5)
  5 adders
  An adder skeleton (D:5)
  2 dart slugs (D:2)
  A leopard gecko (D:1)
  10 orcs
  A ball python (D:3)
  4 giant cockroaches
  7 goblins
  6 hobgoblins
  6 jackals
  3 quokkas
  9 bats
  5 frilled lizards
  7 kobolds
  A quokka skeleton (D:5)
  8 rats
95 creatures vanquished.

Action                   |  1- 3 |  4- 6 |  7- 9 || total
-------------------------+-------+-------+-------++-------
Melee: Unarmed           |    16 |       |       ||    16
       Short sword       |    47 |    19 |    48 ||   114
 Cast: Flame Tongue      |    45 |    53 |    50 ||   148
       Conjure Flame     |       |     2 |     5 ||     7
       Sticky Flame      |       |       |     3 ||     3
Evoke: Wand              |       |     5 |     7 ||    12
  Use: Scroll            |       |     3 |       ||     3
 Stab: Sleeping          |     1 |     1 |       ||     2
  Eat: Chunk             |    16 |     3 |     8 ||    27
Armor: Robe              |    14 |    11 |    17 ||    42
Dodge: Dodged            |    69 |    20 |    63 ||   152

Vault maps used:
D:1:      lemuel_arrival_funnel
D:2:      grunt_qazlal_clouds, okawaru_trees_2, lemuel_coloured_pillars_altar,
          first_ration, uniq_sigmund
D:3:      overflow_temple_1_default, chequers_ecumenical_altar_island
D:4:      tso_oasis_becter, gammafunk_temple_overflow_wave, serial_shops, shop
D:5:      tgw_sif, minmay_misc_feat_room
